 Dungeon Crawl Stone Soup version 0.28.0 (webtiles) character file.

Game seed: 1969271084259309472

9787 arenajobber the Fighter (level 11, -1/82 HPs)
             Began as a Djinni Fire Elementalist on Feb 7, 2022.
             Was a High Priest of Okawaru.
             Killed from afar by a fire dragon (13 damage)
             ... with a blast of flame
             ... in the Arena.
             The game lasted 00:51:51 (12398 turns).

arenajobber the Fighter (Djinni Fire Elementalist) Turns: 12398, Time: 00:51:52

Health: -1/82      AC: 14    Str: 11    XL:     11   Next: 80%
Gold:   674        EV: 13    Int: 31    God:    Okawaru [*****.] SH:  0 Dex: 11

rFire   + + .      SeeInvis +   G - +10 dagger of Niwa {antimagic, rPois Int+4 SInv}
rCold   . . .      Faith    .   (no shield)
rNeg    . . .      Spirit   .   D - +5 ring mail "Niffedgh" {rC+ rCorr Str+4 Dex-3}
rPois   ∞          Reflect  .   i - +2 helmet
rElec   .          Harm     .   (no cloak)
rCorr   +          Rampage  .   N - +0 pair of gloves
Will    +....                   (boots unavailable)
Stlth   +.........              (no amulet)
HPRegen 0.23/turn               r - +6 ring of intelligence
MPRegen 0.00/turn               (no ring)

@: flying, duelling
A: sickness immunity, fire resistance 2, cold vulnerability 1, float, innate
caster, HP casting, extra vitality 1
a: Renounce Religion, Heroism, Finesse, Duel


You were in the Arena.
You worshipped Okawaru.
Okawaru was extremely pleased with you.
You visited 1 branch of the dungeon, and saw 9 of its levels.
You also visited: Ossuary.

You collected 674 gold pieces.

Inventory:

Hand Weapons
 f - a +0 dagger
 j - a +0 short sword
 p - a +1 dagger of flaming
 q - a +0 war axe
 v - a +2 flail of protection
 G - the +10 dagger of Niwa (weapon) {antimagic, rPois Int+4 SInv}
   (You took it off a centaur on level 5 of the Dungeon)

   It reduces the magical energy of the wielder, and disrupts the spells and
   magical abilities of those it strikes.
   Natural abilities and divine invocations are not affected.
   Int:       It affects your intelligence (+4).
   rPois:     It protects you from poison.
   SInv:      It lets you see invisible.
 I - a +2 whip of electrocution
Missiles
 c - 225 stones
 l - 19 poisoned darts
 H - 3 curare-tipped darts
 O - 4 javelins
Armour
 i - a +2 helmet (worn)
 D - the +5 ring mail "Niffedgh" (worn) {rC+ rCorr Str+4 Dex-3}
   (You found it on level 4 of the Dungeon)

   Str:       It affects your strength (+4).
   Dex:       It affects your dexterity (-3).
   rC:        It protects you from cold.
   rCorr:     It protects you from acid and corrosion.
 L - a +0 buckler
 N - a +0 pair of gloves (worn)
Jewellery
 r - a +6 ring of intelligence (left hand)
Wands
 a - a wand of mindburst (12)
 s - a wand of acid (7)
 w - a wand of paralysis (4)
 F - a wand of flame (18)
Scrolls
 g - 2 scrolls of fear
 o - a scroll of magic mapping {unknown}
 t - 10 scrolls of teleportation
 x - 2 scrolls of vulnerability {unknown}
 y - 2 scrolls of holy word {unknown}
 A - a scroll of torment {unknown}
 B - a scroll of enchant armour
 C - a scroll of noise {unknown}
 E - 2 scrolls of blinking
 K - a scroll of amnesia {unknown}
Potions
 b - 2 potions of haste
 d - 5 potions of curing
 e - 3 potions of ambrosia
 h - 4 potions of degeneration
 k - 5 potions of heal wounds
 n - a potion of brilliance {unknown}
 u - 3 potions of berserk rage {unknown}
 z - a potion of magic {unknown}
 M - a potion of lignification {unknown}


   Skills:
 + Level 8.7 Fighting
 - Level 3.0 Armour
 + Level 8.3 Dodging
 - Level 1.6 Stealth
 - Level 8.0 Spellcasting
 - Level 8.0 Invocations
 - Level 4.0 Evocations


You couldn't memorise any spells.
You knew the following spells:

 Your Spells              Type           Power      Damage    Failure   Level
a - Foxfire               Conj/Fire      100%       2x1d9     1%          1
b - Scorch                Fire           100%       2d10      1%          2
c - Conjure Flame         Conj/Fire      58%        6-21      1%          3
d - Inner Flame           Hex/Fire       58%        N/A       1%          3
e - Flame Wave            Conj/Fire      58%        2d11      3%          4
f - Apportation           Tloc           100%       N/A       1%          1
g - Wereblood             Tmut           58%        N/A       1%          2
h - Call Canine Familiar  Summ           58%        N/A       1%          3
i - Leda's Liquefaction   Hex/Erth       29%        N/A       3%          4
j - Silence               Hex/Air        29%        N/A       10%         5
Your spell library was empty.

Dungeon Overview and Level Annotations

Branches:
Dungeon (9/15)             Temple (0/1) D:4         Ossuary (visited)
   Lair: D:8-11         Orc: D:9-12

Altars:
Ashenzari
Dithmenos
Elyvilon
Fedhas
Gozag
Hepliaklqana
Kikubaaqudgha
Makhleb
Nemelex Xobeh
Okawaru
Sif Muna
Uskayaw
Vehumet
Xom
The Shining One

Annotations:
D:4 3 runed translucent doors, pdpol's ghost, amateur GrEE
D:7 2 transporters, comborobin's ghost, amateur TrCA
D:9 exclusion: door, Erolcha; Psyche


Innate Abilities, Weirdness & Mutations

You are immune to sickness and miasma.
You are immune to poison.
Your flesh is very heat resistant. (rF++)
You are vulnerable to cold. (rC-)
You float through the air rather than walking.
You learn spells naturally, not from books.
Your magical power is your life essence.
You have superior vitality. (+4 MHP)


Message History

The fire dragon breathes flames at you. The blast of flame hits you!
You resist.
Found a gate leading back out of this place.
There is an empty arch of ancient stone here.
The fire dragon closely misses you. x3
The fire dragon bites you but does no damage.
The fire dragon claws you.
The fire dragon tramples you but does no damage.
The fire dragon bites you but does no damage.
The fire dragon closely misses you.
The fire dragon tramples you but does no damage.
The fire dragon bites you but does no damage.
The fire dragon claws you but does no damage.
The fire dragon tramples you but does no damage.
The spectator jeers loudly at you. The fire dragon closely misses you.
The fire dragon claws you. The fire dragon tramples you.
You are shoved backwards!
The fire dragon breathes flames at you. The blast of flame misses you. x2
The fire dragon barely misses you.
The fire dragon claws you but does no damage.
The fire dragon tramples you but does no damage.
The fire dragon bites you!
The fire dragon claws you but does no damage.
The fire dragon closely misses you. The fire dragon bites you!
* * * LOW HITPOINT WARNING * * *
The fire dragon claws you.
* * * LOW HITPOINT WARNING * * *
The fire dragon completely misses you.
The fire dragon bites you but does no damage.
The fire dragon claws you!
* * * LOW HITPOINT WARNING * * *
The fire dragon tramples you but does no damage.
The fire dragon closely misses you. The fire dragon barely misses you.
The fire dragon tramples you but does no damage.
The fire dragon breathes flames at you. The blast of flame hits you!
You resist.
You die...
Okawaru crowns the fire dragon victorious!

###########
#..p▓∩▓p..## ##
▓▓▓▓▓▓▓▓▓▓##
#.▓ ........▓.#
#.▓.#.....#.▓.#
#p▓.........▓p#
#▓▓...@.....▓▓#
#p▓....D....▓p#
#▓▓.........▓▓#
#p▓.........▓p#
#.▓.#.....#.▓.#
#.▓........ ▓.#
##▓▓▓▓▓▓▓▓▓▓ ##
##..p▓p▓p..#
###########


You could see a fire dragon (catching breath).

Vanquished Creatures
  2 two-headed ogres (D:9)
  A gargoyle (D:9)
  An unseen horror (D:8)
  A kobold demonologist (D:8)
  A troll (D:9)
  A wraith (Ossuary)
  3 wyverns
  12 yaks
  2 steam dragons (D:7)
  3 water moccasins
  2 black bears (D:6)
  A sky beast (D:7)
  A hornet zombie (D:8)
  10 orc warriors
  An ice beast (D:8)
  2 necrophages
  An ogre (D:5)
  6 centaurs
  A phantom (D:5)
  2 kobold brigands
  2 bullfrogs
  2 gnoll sergeants
  A wyvern zombie (D:8)
  7 scorpions
  4 wights (D:9)
  A vampire bat (D:8)
  2 howler monkeys
  2 hounds
  3 jellies
  3 gnoll shamans
  2 centaur skeletons
  6 orc priests
  A bullfrog skeleton (D:6)
  3 iguanas
  Ijyb (D:3)
  Terence (D:3)
  Natasha (twice) (D:3)
  5 orc wizards
  4 killer bee zombies
  3 mummies (Ossuary)
  A hound skeleton (D:5)
  18 gnolls
  3 howler monkey zombies
  4 adders
  3 ufetubi
  An adder skeleton (D:4)
  A worm (D:2)
  4 dart slugs
  40 orcs
  5 bats
  5 bat zombies (D:8)
  4 endoplasms
  2 giant cockroaches
  5 goblins
  8 hobgoblins
  4 jackals (D:2)
  18 kobolds
  3 quokkas
  9 ball pythons
  3 frilled lizards
  A gnoll zombie (Ossuary)
  2 goblin zombies (Ossuary)
  A hobgoblin zombie (Ossuary)
  3 kobold zombies (Ossuary)
  9 rats
266 creatures vanquished.

Vanquished Creatures (collateral kills)
  2 foxfires (D:3)
2 creatures vanquished.

Vanquished Creatures (others)
  758 foxfires
  A plant (D:3)
759 creatures vanquished.

Grand Total: 1027 creatures vanquished

Notes
Turn   | Place    | Note
-------+----------+-------------------------------------------
     0 | D:1      | arenajobber the Djinni Fire Elementalist began the quest
                  | for the Orb.
     0 | D:1      | Reached XP level 1. HP: 15/15 MP: 0/0
   346 | D:1      | Reached XP level 2. HP: 18/21 MP: 0/0
  1151 | D:2      | Reached XP level 3. HP: 24/25 MP: 0/0
  1151 | D:2      | Learned a level 1 spell: Apportation
  1426 | D:2      | Found an iron altar of Okawaru.
  1482 | D:2      | Became a worshipper of Warmaster Okawaru
  1838 | D:2      | Reached XP level 4. HP: 29/31 MP: 0/0
  2641 | D:3      | Reached XP level 5. HP: 32/36 MP: 0/0
  2641 | D:3      | Learned a level 2 spell: Wereblood
  2685 | D:3      | Found a broken altar of Ashenzari.
  2793 | D:3      | Reached skill level 1 in Fighting
  2823 | D:3      | Found a shadowy altar of Dithmenos.
  2824 | D:3      | Found a white marble altar of Elyvilon.
  3026 | D:3      | Noticed Terence
  3031 | D:3      | Killed Terence
  3077 | D:3      | Noticed Ijyb
  3192 | D:3      | Found a blossoming altar of Fedhas.
  3260 | D:3      | Noticed Natasha
  3429 | D:3      | Paralysed by Ijyb for 3 turns
  3443 | D:3      | Paralysed by Ijyb for 2 turns
  3454 | D:3      | Killed Ijyb
  3455 | D:3      | Reached XP level 6. HP: 37/43 MP: 0/0
  3793 | D:3      | Killed Natasha
  3839 | D:3      | Noticed Natasha
  3843 | D:3      | Killed Natasha
  3988 | D:4      | Reached * piety under Okawaru
  4050 | D:4      | Noticed a necrophage
  4073 | D:4      | Killed a necrophage
  4074 | D:4      | Reached skill level 5 in Spellcasting
  4074 | D:4      | Reached XP level 7. HP: 40/50 MP: 0/0
  4074 | D:4      | Learned a level 3 spell: Call Canine Familiar
  4221 | D:4      | Found a staircase to the Ecumenical Temple.
  4250 | D:4      | Found a sand-covered staircase.
  4319 | Ossuary  | Entered an ossuary
  4319 | Ossuary  | Noticed a wraith
  4319 | Ossuary  | Noticed a wraith
  4319 | Ossuary  | Noticed a wraith
  4649 | Ossuary  | Noticed a wraith
  4722 | Ossuary  | Killed a wraith
  4722 | Ossuary  | Reached ** piety under Okawaru
  4723 | Ossuary  | Reached skill level 1 in Evocations
  5166 | D:4      | Found a runed translucent gate.
  5166 | D:4      | Found a runed translucent gate.
  5166 | D:4      | Found a runed translucent gate.
  5167 | D:4      | Identified the +5 ring mail "Niffedgh" {rC+ rCorr Str+4
                  | Dex-3}
  5216 | D:4      | Noticed pdpol's ghost (amateur GrEE)
  5618 | D:5      | Entered Level 5 of the Dungeon
  5630 | D:4      | Reached XP level 8. HP: 51/58 MP: 0/0
  6120 | D:5      | Identified the +10 dagger of Niwa {antimagic, rPois Int+4
                  | SInv}
  6122 | D:5      | what the fuck is that weapon
  6264 | D:5      | Reached skill level 5 in Fighting
  6684 | D:5      | Reached XP level 9. HP: 58/65 MP: 0/0
  6684 | D:5      | Learned a level 4 spell: Leda's Liquefaction
  6760 | D:5      | Found a shimmering altar of Xom.
  6762 | D:5      | Found a sparkling altar of Nemelex Xobeh.
  6762 | D:5      | Found a shadowy altar of Dithmenos.
  6764 | D:5      | Found a burning altar of Makhleb.
  6764 | D:5      | Found a glowing golden altar of the Shining One.
  6764 | D:5      | Found a hazy altar of Hepliaklqana.
  6861 | D:6      | Reached *** piety under Okawaru
  6867 | D:6      | Reached skill level 1 in Armour
  7297 | D:6      | Reached skill level 5 in Dodging
  7346 | D:6      | Found an opulent altar of Gozag.
  7671 | D:7      | Noticed a queen bee
  7687 | D:7      | Reached skill level 1 in Invocations
  7695 | D:7      | Noticed comborobin's ghost (amateur TrCA)
  7909 | D:7      | Reached **** piety under Okawaru
  7993 | D:7      | Found a transporter.
  7998 | D:7      | Found a transporter.
  8051 | D:7      | Reached XP level 10. HP: 59/73 MP: 0/0
  8245 | D:7      | Received a gift from Okawaru
  8344 | D:7      | Reached skill level 5 in Invocations
  8750 | D:8      | Found an iron altar of Okawaru.
  8750 | D:8      | Found a hide-covered altar of Uskayaw.
  9276 | D:8      | Noticed a kobold demonologist
  9295 | D:8      | Killed a kobold demonologist
  9478 | D:8      | Noticed an unseen horror
  9487 | D:8      | Killed an unseen horror
  9856 | D:8      | Reached XP level 11. HP: 74/79 MP: 0/0
  9856 | D:8      | Learned a level 5 spell: Silence
  9856 | D:8      | the optimal spellset
 10224 | D:9      | Noticed Psyche
 10829 | D:9      | Noticed a fire dragon
 10833 | D:9      | Noticed a two-headed ogre
 11082 | D:9      | Reached ***** piety under Okawaru
 11574 | D:9      | Killed a two-headed ogre
 11599 | D:9      | Received a gift from Okawaru
 12152 | D:9      | Noticed a two-headed ogre
 12159 | D:9      | Killed a two-headed ogre
 12159 | D:9      | Received a gift from Okawaru
 12163 | D:9      | Noticed Erolcha
 12229 | D:9      | Identified the +7 battleaxe "Esuib" {venom, Will- rCorr
                  | MP+9 Int+2}
 12386 | D:9      | goodbye cruel world
 12386 | Arena    | Entered the Arena
 12398 | Arena    | Killed from afar by a fire dragon

Illustrated notes ......#.#######. ... ......#.# ......#.###### .............# #### ......#.####.# ...# ######.....# ###.!.###. #.....# ......... #.....####....#### ##....@........... #########.c...... #........ ##)#..... .#..... ## #### Turn 6122 on D:5: what the fuck is that weapon .........#########..#...#...###.# #######......................##.# .......#............###....#[##.# ......⌠# ...........# ###.......# ._.._..# ..........########).### ......⌠ ##.............<).#.. ###### # #...)#########.#.#.# #....## .# ###§## #.......#)#)# ......##.# #@# #.#######.#.# #....##..# #.####.# #.).# #8..8#...# #....#.# #...# .........# ##.).#.# #...# .....##### #####...#.#######.#.# ##..## #.................#.# #.## #...........#######.. #.# #...........# #.. #.# #######...........# ##. Turn 9856 on D:8: the optimal spellset

..#####.........>..).............
..# #..####..####..####..######
..# #o.# #..# #..# #..# ).# #..#
#..# #..# #..# ).#####o.# #..#
#..# #..# )o...<...# #..# #..#
#..###### .........# #..# #..#
#....[...
..#####..####..####..####........
..# #...D.....@..........####..
..# #########)#)......)....# #[.
..# #.D#......#......####..# #..
..# +..#.#..#.#......# #..# #..
..# #..##..#......# #..# #.. ..##
#.. #..#......####..####.. ...#
#.# .#.#.............[.... ...#
#.. ...#.................. ..##
#####'#########..#########


Turn 12386 on D:9: goodbye cruel world

Levels and vault maps discovered:
D:1:      minmay_arrival_wavy_path, layout_loops_cross
D:2:      minmay_wonky_spiral, layout_rooms, basic_altar
D:3:      layout_basic, mainiacjoe_overflow_brackets,
          mainiacjoe_overflow_boulevard, nicolae_overflow_squiral, uniq_ijyb,
          uniq_terence, uniq_natasha
D:4:      layout_loops_ring, minmay_temple_entry_glassed_door,
          gammafunk_ghost_necromancy, nicolae_ossuary_entry_ruins
D:5:      layout_basic, doesnt_xom_only_xom
D:6:      layout_cave_pools, lemuel_crystal_altar
D:7:      layout_rooms, lemuel_coloured_pillars_altar, gammafunk_ghost_hive
D:8:      wad_arrow_thing, layout_basic, kennysheep_vampire_church,
          vehumet_crystals, jmf_multi_god_temple
D:9:      minmay_clustersquares, layout_small_grid, david_orc_5, uniq_erolcha,
          uniq_psyche
Arena

Skill      XL: |  1  2  3  4  5  6  7  8  9 10 11 |
---------------+----------------------------------+-----
Spellcasting   | 3 4 5 6 7 8 |  8.0
Fighting       | 2 3 5 6 7 8 |  8.7
Dodging        | 3 4 5 6 8 |  8.3
Evocations     | 2 4 |  4.0
Armour         | 3 |  3.0
Invocations    | 2 7 8 |  8.0
Stealth        | |  1.6

Action                   |  1- 3 |  4- 6 |  7- 9 | 10-12 || total
-------------------------+-------+-------+-------+-------++-------
Melee: Dagger            |     1 |       |     5 |    41 ||    47
       Flail             |       |       |    11 |       ||    11
Throw: Dart              |       |     1 |       |       ||     1
 Cast: Foxfire           |    58 |    80 |   142 |   174 ||   454
       Apportation       |     4 |     9 |     4 |       ||    17
       Scorch            |       |     5 |    49 |    94 ||   148
       Conjure Flame     |       |     3 |     8 |    11 ||    22
       Inner Flame       |       |     1 |     1 |    16 ||    18
       Flame Wave        |       |       |       |     1 ||     1
Invok: Duel              |       |       |       |     1 ||     1
Evoke: Wand              |       |       |     2 |     2 ||     4
  Use: Scroll            |     1 |     6 |     2 |     5 ||    14
       Potion            |       |       |     1 |       ||     1
 Stab: Sleeping          |     1 |       |       |       ||     1
Armor: Robe              |     2 |     1 |     1 |       ||     4
       Ring mail         |       |       |     4 |    58 ||    62
Dodge: Dodged            |     3 |     2 |    23 |    65 ||    93
